 Dungeon Sprint DCSS version 0.21.1-1-g345015f (webtiles) character file.

182 lyrx the Covert (level 5, -6/26 HPs)
             Began as a Spriggan Enchanter on Mar 28, 2018.
             Was a Believer of Uskayaw.
             Mangled by a deep elf knight
             ... wielding a +2 falchion of electrocution
              (11 damage)
             ... in the Dungeon (Sprint V: "Ziggurat Sprint").
             The game lasted 00:08:08 (167 turns).

lyrx the Covert (Spriggan Enchanter)                 Turns: 167, Time: 00:08:09

Health: -6/26      AC: 22    Str:  4    XL:     5   Next: 34%
Magic:  11/14      EV:  4    Int: 17    God:    Uskayaw [**....]
Gold:   0          SH:  0    Dex: 29    Spells: 9/15 levels left

rFire    . . .     SeeInvis +   w - +5 quick blade (protect)
rCold    . . .     Gourm    .   (shield restricted)
rNeg     . . .     Faith    .   I - +5 shadow dragon scales
rPois    .         Spirit   .   (helmet restricted)
rElec    .         Reflect  .   (no cloak)
rCorr    .         Harm     .   (gloves unavailable)
MR       .....     NoTele   +   (boots unavailable)
Stlth    +++++++...             (no amulet)
HPRegen  0.08/turn              y - +6 ring of dexterity
MPRegen  0.14/turn              z - +6 ring of dexterity

@: protection aura, very quick
A: very small, unfitting armour, see invisible, herbivore, speed 3, slow
metabolism 2
a: Stomp, Line Pass, Renounce Religion


You were in the Dungeon.
You worshipped Uskayaw.
Uskayaw was noncommittal.
You were not hungry.

You visited 1 branch

Inventory:

Hand Weapons
 a - a +1 dagger
 w - a +5 quick blade of protection (weapon)
Armour
 b - a +0 robe
 I - +5 shadow dragon scales (worn)
Jewellery
 y - a +6 ring of dexterity (left hand)
 z - a +6 ring of dexterity (right hand)
 A - a +6 ring of intelligence
 B - a +6 ring of intelligence
 C - a +6 ring of strength
 D - a +6 ring of strength
 E - an uncursed ring of flight
Wands
 F - a wand of disintegration (7)
 G - a wand of iceblast (7)
 H - a wand of acid (7)
Scrolls
 j - 4 scrolls of blinking
 q - 4 scrolls of amnesia
 r - 7 scrolls of fog
 s - a scroll of holy word
 t - 5 scrolls of identify
 u - 5 scrolls of remove curse
 v - 2 scrolls of fear
Potions
 e - 10 potions of curing
 f - 10 potions of heal wounds
 g - 6 potions of haste
 h - 7 potions of magic
 i - 3 potions of berserk rage
 k - 2 potions of brilliance
 l - 2 potions of invisibility
 m - 4 potions of resistance
 o - 5 potions of agility
 p - 5 potions of might
Books
 c - a book of Maledictions

   Spells                             Type                      Level
   a - Corona                         Hexes                        1
   b - Ensorcelled Hibernation        Hexes/Ice                    2
   c - Confuse                        Hexes                        3
   d - Tukima's Dance                 Hexes                        3
   e - Dazzling Spray                 Conjuration/Hexes            3
 n - a book of Transfigurations

   Spells                             Type                      Level
   a - Irradiate                      Conjuration/Transmutation    5
   b - Statue Form                    Transmutation/Earth          6
   c - Hydra Form                     Transmutation                6
   d - Dragon Form                    Transmutation                7
Miscellaneous
 x - a lightning rod (4/4)
 J - a lightning rod (4/4)
Comestibles
 d - 7 rations


   Skills:
 + Level 2.1 Fighting
 * Level 4.5 Short Blades
 * Level 7.3 Dodging
 * Level 11.0 Stealth
 + Level 5.6 Spellcasting
 + Level 7.9 Hexes
 - Level 2.0 Ice Magic
 - Level 2.2 Invocations
 - Level 3.1 Evocations


You had 9 spell levels left.
You knew the following spells:

 Your Spells              Type           Power        Failure   Level  Hunger
a - Corona                Hex            ####...      100%        1    None
b - Ensorcelled Hibernat  Hex/Ice        ###...       100%        2    #......
c - Confuse               Hex            ####....     100%        3    ##.....


Dungeon Overview and Level Annotations

Branches:
Dungeon (1/1)

Altars:
Ashenzari
Cheibriados
Dithmenos
Elyvilon
Fedhas
Gozag
Hepliaklqana
Kikubaaqudgha
Makhleb
Nemelex Xobeh
Okawaru
Qazlal
Ru
Sif Muna
Trog
Uskayaw
Vehumet
Wu Jian
Xom
Yredelemnul
Zin
The Shining One
Beogh
Jiyva
Lugonu

Annotations:
D 1 transporter


Innate Abilities, Weirdness & Mutations

You are very small and have problems with some larger weapons.
You are too small for most types of armour.
You have supernaturally acute eyesight. (SInv)
You are a herbivore.
You cover ground extremely quickly.
You need consume almost no food.


Message History

The deep elf mage is lightly wounded.
The scimitar of holy wrath barely misses you.
Casting: Confuse
Confirm with . or Enter, or press ? or * to list all spells.
The spell is very dangerous to cast!
Continue anyway?
Okay, then.
You hit the deep elf mage.
The deep elf mage is moderately wounded.
You closely miss the deep elf mage.
The deep elf mage is moderately wounded.
The scimitar of holy wrath hits you.
The deep elf mage hits you with a rapier.
* * * LOW HITPOINT WARNING * * *
You hit the deep elf mage.
The deep elf mage is moderately wounded.
The scimitar of holy wrath hits you.
* * * LOW HITPOINT WARNING * * *
The deep elf knight hits you but does no damage.
You are electrocuted!
You die...

▓▓▓▓▓▓▓▓▓▓▓▓▓▓▓▓▓▓▓
▓.8©8.▓.8©8.▓.8©8.▓
▓.)|).▓..)..▓.....▓
▓..[..▓.....▓.).).▓
▓.e(e.▓.....▓.....▓
▓..@e.▓.....▓.....▓
▓.....▓.....▓..©..▓
▓..©..▓..©..▓▓▓▓▓▓▓
▓▓▓▓▓▓▓▓▓▓▓▓▓


You could see 2 deep elf knights, a deep elf mage and a scimitar of holy wrath.

Vanquished Creatures
  A crimson imp (D)
  An orc priest (D)
  An orc wizard (D)
  An iron imp (D)
  An ufetubus (D)
5 creatures vanquished.

Notes
Turn   | Place    | Note
-------+----------+-------------------------------------------
     0 | D        | Found the +6 Majin-Bo {vamp, Archmagi MP+6 Int+6}
     0 | D        | Found the +7 great mace "Firestarter" {inner flame, rF++}
     0 | D        | lyrx the Spriggan Enchanter began the quest for the Orb.
     0 | D        | Reached XP level 1. HP: 9/9 MP: 5/5
     0 | D        | Found a deep blue altar of Sif Muna.
     0 | D        | Found a sacrificial altar of Ru.
     0 | D        | Found a bloodstained altar of Trog.
     0 | D        | Found a stormy altar of Qazlal.
     0 | D        | Found an iron altar of Okawaru.
     0 | D        | Found a sparkling altar of Nemelex Xobeh.
     0 | D        | Found a blossoming altar of Fedhas.
     2 | D        | Found a transporter.
     2 | D        | Found an ancient bone altar of Kikubaaqudgha.
     2 | D        | Found a viscous altar of Jiyva.
     2 | D        | Found a corrupted altar of Lugonu.
     2 | D        | Found a hazy altar of Hepliaklqana.
     2 | D        | Found a burning altar of Makhleb.
     2 | D        | Found an opulent altar of Gozag.
    12 | D        | Found the +9 heavy crossbow "Sniper" {velocity, Acc+∞ SInv}
    12 | D        | Found the +10 dark maul {crush}
    12 | D        | Found the +15 Maxwell's patent armour {-Cast -Tele rElec MR+ rCorr}
    12 | D        | Found the +18 shield of the Gong {rElec rN+ MR+ EV-5}
    12 | D        | Found the cursed +14 obsidian axe {chop, +Fly SInv *Curse}
    13 | D        | Found the +6 shillelagh "Devastator" {shatter}
    13 | D        | Found the +11 plutonium sword {*Contam Stlth-}
    13 | D        | Found the +8 lance "Wyrmbane" {slay drac, rPois rF+ rC+ AC+3}
    13 | D        | Found the +9 sword of Zonguldrok {reap}
    13 | D        | Found the cursed +13 scythe of Curses {drain, *Curse}
    13 | D        | Found the +0 sword of Power
    13 | D        | Found the +1 mace of Variability {chaos}
    13 | D        | Found the +7 Singing Sword
    13 | D        | Found the +7 longbow "Piercer" {penet, EV-2}
    81 | D        | Became a worshipper of Uskayaw the Reveler
   111 | D        | Entered arena 2.
   111 | D        | Noticed an orc wizard
   111 | D        | Noticed an orc priest
   111 | D        | Found a transporter.
   114 | D        | Killed an orc wizard
   114 | D        | Reached skill level 7 in Stealth
   114 | D        | Reached skill level 5 in Hexes
   114 | D        | Reached XP level 2. HP: 13/13 MP: 5/7
   114 | D        | Reached * piety under Uskayaw
   115 | D        | Reached skill level 8 in Stealth
   115 | D        | Reached XP level 3. HP: 16/16 MP: 5/9
   115 | D        | Reached ** piety under Uskayaw
   123 | D        | Learned a level 2 spell: Ensorcelled Hibernation
   127 | D        | Learned a level 3 spell: Confuse
   130 | D        | Reached skill level 9 in Stealth
   130 | D        | Reached skill level 5 in Spellcasting
   130 | D        | Reached XP level 4. HP: 23/23 MP: 7/12
   135 | D        | Entered arena 3.
   135 | D        | Found a transporter.
   140 | D        | Reached skill level 10 in Stealth
   148 | D        | Reached *** piety under Uskayaw
   149 | D        | Reached XP level 5. HP: 26/26 MP: 9/14
   150 | D        | Reached skill level 11 in Stealth
   150 | D        | Reached **** piety under Uskayaw
   159 | D        | Entered arena 4.
   159 | D        | Noticed a deep elf knight
   159 | D        | Noticed a deep elf mage
   159 | D        | Noticed a scimitar of holy wrath
   159 | D        | Noticed a deep elf knight
   159 | D        | Found a transporter.
   167 | D        | Mangled by a deep elf knight

Skill      XL: |  1  2  3  4  5 |
---------------+----------------+-----
Stealth        | 7 8 9 10 11 | 11.0
Spellcasting   | 3 4 5 |  5.6
Hexes          | 5 6 7 |  7.9
Dodging        | 4 6 7 |  7.3
Fighting       | 2 |  2.1
Short Blades   | 4 |  4.5
Ice Magic      | 2 |  2.0
Invocations    | 2 |  2.2
Evocations     | 3 |  3.1

Action                   |  1- 3 |  4- 6 || total
-------------------------+-------+-------++-------
Melee: Quick blade       |     2 |    19 ||    21
  Use: Scroll            |     1 |       ||     1
       Potion            |     1 |       ||     1
 Stab: Sleeping          |     2 |       ||     2
       Paralysed         |       |     2 ||     2
Armor: Shadow dragon sca |       |     9 ||     9
Dodge: Dodged            |       |     2 ||     2
